 Dungeon Crawl Stone Soup version 0.32-a0-351-gc6a9d31 (webtiles) character file.

Game seed: 5076419341022713016

1477 Nithhogg the Chopper (level 8, -1/74 HPs)
             Began as a Hill Orc Fighter on Oct 15, 2023.
             Was an Initiate of Qazlal.
             Slain by a killer bee (7 damage)
             ... on level 7 of the Dungeon on Feb 17, 2024.
             The game lasted 00:16:55 (4941 turns).

Nithhogg the Chopper (Hill Orc Fighter)             Turns: 4941, Time: 00:16:56

Health: -1/74      AC:  7    Str: 21    XL:     8   Next: 78%
Magic:  11/11      EV:  9    Int: 11    God:    Qazlal [......]
Gold:   338        SH:  0    Dex: 10    Spells: 7/7 levels left

rFire   . . .        g - +7 trident "Lucaeth" {vamp, Int+3}
rCold   . . .        (no shield)
rNeg    . . .        b - +0 scale mail
rPois   .            (no helmet)
rElec   .            (no cloak)
rCorr   .            (no gloves)
SInv    .            (no boots)
Will    .....        (no amulet) Stlth
                     (no ring)
HPRegen 0.32/turn    (no ring)
MPRegen 0.12/turn

%: no passive effects
@: lethally poisoned (-1 -> -10)
A: no striking features
a: Renounce Religion


You were on level 7 of the Dungeon.
You worshipped Qazlal.
Qazlal was noncommittal.
You visited 1 branch of the dungeon, and saw 7 of its levels.

You collected 338 gold pieces.

Inventory:

Hand Weapons
 a - a +0 war axe of freezing
 g - the +7 trident "Lucaeth" (weapon) {vamp, Int+3}
   (You found it on level 2 of the Dungeon)

   Int+3:     It affects your intelligence (+3).
 o - the +9 short sword of Zin's Approval {protect, rPois Will- rCorr Int+4}
   (You found it on level 4 of the Dungeon)

   Int+4:     It affects your intelligence (+4).
   rPois:     It protects you from poison Will-: It decreases your willpower.
   rCorr:     It protects you from acid and corrosion.
 A - a +2 demon whip of electrocution
Armour
 b - a +0 scale mail (worn)
 c - a +0 buckler
 y - the +1 ring mail of the Swamp {*Corrode Will+++ Int+4}
   (You found it on level 6 of the Dungeon)

   Int+4:     It affects your intelligence (+4).
   Will+++:   It greatly increases your willpower.
   *Corrode:  It may corrode you when you take damage.
Jewellery
 m - a ring of wizardry
 t - a ring of ice
 u - an amulet of guardian spirit
Talismans
 p - a blade talisman
Wands
 s - a wand of polymorph (5)
 w - a wand of flame (42)
Scrolls
 e - 2 scrolls of revelation
 f - a scroll of identify
 h - 2 scrolls of poison
 i - a scroll of noise
 k - a scroll of immolation
 v - a scroll of silence
 x - 2 scrolls of summoning
Potions
 d - a potion of might
 j - a potion of mutation {unknown}
 l - 2 potions of cancellation {unknown}
 r - a potion of enlightenment {unknown}


   Skills:
 + Level 7.8 Fighting
 + Level 7.8 Axes
 + Level 7.0 Armour
 - Level 3.2 Shields
 + Level 4.8 Invocations


You had 7 spell levels left.
You didn't know any spells.
Your spell library contained the following spells:

 Spells                   Type           Power      Damage    Failure   Level
 Magic Dart               Conj           0%         1d3       65%         1
 Blink                    Tloc           0%         N/A       78%         2
 Call Imp                 Summ           0%         N/A       78%         2


Dungeon Overview and Level Annotations

Branches:
Dungeon (7/15)             Temple (0/1) D:7

Altars:
Cheibriados
Dithmenos
Fedhas
Qazlal
Sif Muna
Vehumet
Yredelemnul
The Shining One

Shops:
D:2 [

Portals:
Abyss: D:3

Annotations:
D:3 2 transporters, Decysan's ghost, amateur MfSh


Message History

The killer bee attacks as it pursues you!
The killer bee stings you!
You are poisoned.
The killer bee poisons you! The killer bee barely misses you. x2
You feel sick.
The killer bee attacks as it pursues you!
The killer bee completely misses you. The killer bee stings you.
* * * LOW HITPOINT WARNING * * *
You are more poisoned.
The killer bee poisons you! The killer bee closely misses you.
You feel very sick. The killer bee closely misses you. x2
You feel better. The killer bee stings you!
* * * LOW HITPOINT WARNING * * *
You are poisoned.
The killer bee poisons you!
The killer bee stings you but does no damage.
The killer bee misses you.
The killer bee stings you but does no damage.
Okay, then.
As you read the scroll labelled RUPNASASORGH, it crumbles to dust.
It is a scroll of brand weapon.
Your +0 war axe is covered with a thin layer of ice!
a - a +0 war axe of freezing You feel sick.
The killer bee stings you but does no damage.
The killer bee barely misses you. The killer bee completely misses you.
The killer bee stings you but does no damage.
The killer bee stings you!
* * * LOW HITPOINT WARNING * * *
You are lethally poisoned!
The killer bee poisons you! The killer bee stings you.
* * * LOW HITPOINT WARNING * * *
Okay, then.
It was a potion of magic.
Magic courses through your body.
* * * LOW HITPOINT WARNING * * *
You feel very sick.
The killer bee stings you but does no damage.
The killer bee stings you!
You die...

#.#...##.....[.##...#.#...##
##.##..###.#..)##.###.#.###.#
#..##..###.#..####.ß.###.ß.##
####.###...##...## #.###.#.###.#
#.##.#........#.#####...#.#...##
#.##..................ß.#ß#.ß...
#.......................#.#....#
#.............yy###....#.#.#....
#.<......(....y@###....#########
#.................#.........#
#.........#.................## #
#............................###
#.................<.............
##...................#########..#
.........##..........# ##.#
........###..........# ##.#
........[...........## ######...


You could see 3 killer bees.

Vanquished Creatures
  3 black bears
  3 ogres (D:5)
  2 phantoms
  A scorpion (D:6)
  3 killer bees (D:7)
  2 howler monkeys (D:6)
  A jelly (D:4)
  A bombardier beetle (D:6)
  A hound (D:7)
  An orc priest (D:2)
  Terence (D:3)
  2 iguanas
  3 orc wizards
  Robin (D:3)
  8 adders
  2 ufetubi (D:6)
  3 dart slugs
  10 orcs
  7 ball pythons
  14 endoplasms
  2 giant cockroaches
  10 goblins
  8 hobgoblins
  4 kobolds
  3 quokkas
  6 bats
  A frilled lizard (D:3)
  5 rats
108 creatures vanquished.

Notes
Turn   | Place    | Note
-------+----------+-------------------------------------------
     0 | D:1      | Nithhogg the Hill Orc Fighter began the quest for the Orb.
     0 | D:1      | Reached XP level 1. HP: 19/19 MP: 1/1
   118 | D:1      | Reached XP level 2. HP: 22/27 MP: 2/2
   341 | D:1      | Upgraded the game from 0.31-a0-881-ge136f0c to
                  | 0.31-a0-920-g28cbb04
   341 | D:1      | Upgraded the game from 0.31-a0-920-g28cbb04 to
                  | 0.31-a0-931-g7b59d4e
   341 | D:1      | Upgraded the game from 0.31-a0-931-g7b59d4e to
                  | 0.31-a0-960-g0fca184
   341 | D:1      | Upgraded the game from 0.31-a0-960-g0fca184 to
                  | 0.31-a0-971-g75a2e9a
   341 | D:1      | Upgraded the game from 0.31-a0-971-g75a2e9a to
                  | 0.31-a0-977-gc230f8e
   341 | D:1      | Upgraded the game from 0.31-a0-977-gc230f8e to
                  | 0.31-a0-982-g1816016
   341 | D:1      | Upgraded the game from 0.31-a0-982-g1816016 to
                  | 0.31-a0-1001-g770356a
   341 | D:1      | Upgraded the game from 0.31-a0-1001-g770356a to
                  | 0.31-a0-1009-g454b1f1
   341 | D:1      | Upgraded the game from 0.31-a0-1009-g454b1f1 to
                  | 0.32-a0-350-g4f4d228
   420 | D:2      | Reached XP level 3. HP: 33/33 MP: 3/3
   456 | D:2      | Identified the +7 trident "Lucaeth" {vamp, Int+3}
   835 | D:2      | Found Ikiafe's Armour Emporium.
   941 | D:2      | Reached XP level 4. HP: 41/41 MP: 4/4
  1562 | D:3      | Found a transporter.
  1606 | D:3      | Found a transporter.
  1607 | D:3      | Noticed a small abomination
  1750 | D:3      | Reached XP level 5. HP: 42/47 MP: 5/5
  1787 | D:3      | Reached skill level 5 in Fighting
  1897 | D:3      | Noticed Terence
  1901 | D:3      | Killed Terence
  1950 | D:3      | Noticed Robin
  1956 | D:3      | Killed Robin
  1957 | D:3      | Reached skill level 5 in Axes
  1957 | D:3      | Reached XP level 6. HP: 56/56 MP: 6/6
  2103 | D:3      | Found a one-way gate to the infinite horrors of the Abyss.
  2103 | D:3      | Noticed Decysan's ghost (amateur MfSh)
  2255 | D:4      | Reached skill level 5 in Armour
  2342 | D:4      | Identified the +9 short sword of Zin's Approval {protect,
                  | rPois Will- rCorr Int+4}
  2488 | D:4      | Reached XP level 7. HP: 62/63 MP: 7/7
  2708 | D:4      | Found a stormy altar of Qazlal.
  2745 | D:4      | Became a worshipper of Qazlal Stormbringer
  2778 | D:5      | Entered Level 5 of the Dungeon
  2786 | D:5      | Reached skill level 1 in Invocations
  2790 | D:5      | Found a radiant altar of Vehumet.
  2791 | D:5      | Found a snail-covered altar of Cheibriados.
  2792 | D:5      | Found a shimmering blue altar of Sif Muna.
  3202 | D:5      | Reached XP level 8. HP: 71/71 MP: 10/10
  3215 | D:5      | Found a basalt altar of Yredelemnul.
  3293 | D:5      | Found a blossoming altar of Fedhas.
  3477 | D:5      | Found a shadowy altar of Dithmenos.
  3994 | D:6      | Identified the +1 ring mail of the Swamp {*Corrode Will+++
                  | Int+4}
  4398 | D:7      | Upgraded the game from 0.32-a0-350-g4f4d228 to
                  | 0.32-a0-351-gc6a9d31
  4415 | D:7      | Found a glowing golden altar of the Shining One.
  4461 | D:7      | HP: 3/74 [killer bee (6)]
  4752 | D:7      | Found a staircase to the Ecumenical Temple.
  4941 | D:7      | Slain by a killer bee

Illustrated notes

Levels and vault maps discovered:
D:1:      dpeg_arrival_rhombus, layout_loops_corners
D:2:      layout_basic, serial_shops, shop, dreamdust_mushroom_princess,
          st_stairs_14, kennysheep_generic_room_7
D:3:      layout_loops_ring, gammafunk_ghost_abyssal_escape, uniq_robin,
          uniq_terence
D:4:      layout_rooms, lemuel_tele_altar
D:5:      layout_rooms, fedhas_ov_isle_minmay,
          mainiacjoe_overflow_surrounded_room, mainiacjoe_overflow_alcove_4,
          chequers_temple_overflow_statue_of_worship
D:6:      layout_loops_ring
D:7:      layout_rooms, tso_altar, minmay_temple_entry_fiery,
          nicolae_twisty_statue_hallways, uniq_crazy_yiuf_cottage

Skill      XL: |  1  2  3  4  5  6  7  8 |
---------------+-------------------------+-----
Axes           | 3 4 5 6 7 |  7.8
Fighting       | 4 5 6 7 |  7.8
Armour         | 4 5 6 7 |  7.0
Invocations    | 3 4 |  4.8
Shields        | |  3.2

Action                     |  1- 3 |  4- 6 |  7- 9 || total
---------------------------+-------+-------+-------++-------
  Melee: War axe           |    55 |       |       ||    55
         Trident           |    14 |    96 |   128 ||   238
    Use: Scroll            |       |     2 |     6 ||     8
         Potion            |       |       |     6 ||     6
 Armour: Scale mail        |    47 |    54 |   146 ||   247
  Dodge: Dodged            |    53 |    38 |    86 ||   177

Table legend: (Time is in decaauts)
 A = Elapsed time spent in this place.
 B = Non-inter-level travel time spent in this place.
 C = Inter-level travel time spent in this place.
 D = Time resting spent in this place.
 E = Time spent auto-exploring this place.
 F = Levels seen in this place.
 G = Mean time per level.
                   A        B        C        D        E       F      G
               +--------+--------+--------+--------+--------+-----+--------+
         Total |   4997 |   4817 |    180 |    367 |   3644 |   7 |  713.9 |
       Dungeon |   4997 |   4817 |    180 |    367 |   3644 |   7 |  713.9 |
               +--------+--------+--------+--------+--------+-----+--------+

Top non-repeatable levels by time:
     D:2: 1341 daAuts
     D:5: 776 daAuts
     D:6: 712 daAuts
     D:7: 687 daAuts
     D:3: 573 daAuts
     D:4: 545 daAuts
     D:1: 361 daAuts
